 Dungeon Crawl Stone Soup version 0.18.1-50-g88ac8fd (webtiles) character file.

521 Golzeb the Skirmisher (level 7, -1/44 HPs)
             Began as a Gargoyle Berserker on Oct 7, 2016.
             Was an Elder of Trog.
             Killed by divine providence
             ... invoked by an orc priest
              (14 damage)
             ... on level 5 of the Dungeon.
             The game lasted 00:19:45 (3730 turns).

Golzeb the Skirmisher (Gargoyle Berserker)          Turns: 3730, Time: 00:19:45

Health: -1/44      AC: 14    Str: 20    XL:     7   Next: 21%
Magic:  7/7        EV: 11    Int:  8    God:    Trog [****..]
Gold:   95         SH:  0    Dex: 11    Spells: 0 memorised, 6 levels left

rFire  . . .     SeeInvis .     f - +2 dagger (venom)
rCold  . . .     Gourm    .     m - +0 scale mail
rNeg   + . .     Faith    .     (no shield)
rPois  ∞         Spirit   .     (no helmet)
rElec  +         Dismiss  .     (no cloak)
rCorr  .         Reflect  .     (no gloves)
SustAt .         Harm     .     t - +0 pair of boots
MR     +....                    (no amulet)
Stlth  ..........               (no ring)
                                i - ring of protection from magic

@: somewhat resistant to hostile enchantments, extremely unstealthy
A: molten scales 1, negative energy resistance 1, electricity resistance,
unbreathing, petrification resistance, rot immunity, AC +4
a: Berserk, Trog's Hand, Brothers in Arms, Burn Spellbooks, Renounce Religion


You were on level 5 of the Dungeon.
You worshipped Trog.
Trog was greatly pleased with you.
You were not hungry.

You visited 1 branch of the dungeon, and saw 5 of its levels.

You collected 95 gold pieces.

Inventory:

Hand Weapons
 a - a +0 short sword
 f - a +2 dagger of venom (weapon)
Missiles
 g - 24 poisoned needles
 q - 5 javelins of returning (quivered)
Armour
 m - a +0 scale mail (worn)
 t - a +0 pair of boots (worn)
 w - a +1 leather armour of poison resistance
Jewellery
 i - a ring of protection from magic (left hand)
Scrolls
 e - 3 scrolls of identify
 h - a scroll of random uselessness {unknown}
 j - 3 scrolls of remove curse
 u - a scroll of blinking
Potions
 b - a potion of resistance
 k - a potion of haste
 p - 4 potions of lignification
Miscellaneous
 n - a plain deck of destruction
Comestibles
 c - a bread ration
 d - a beef jerky
 l - 2 meat rations


   Skills:
 + Level 4.7 Fighting
 + Level 3.9 Short Blades
 + Level 1.1 Throwing
 + Level 4.5 Armour
 + Level 3.7 Dodging
 + Level 0.8 Stealth


You had 6 spell levels left.
You didn't know any spells.

Dungeon Overview and Level Annotations

Branches:
Dungeon (5/15)
 Temple: D:4-7

Altars:
Ashenzari


Innate Abilities, Weirdness & Mutations

You are resistant to torment.
Your stone body is resilient (AC +4).
You are immune to poison.
You resist negative energy.
You are resistant to electric shocks.
You can survive without breathing.
You are immune to petrification.
You are immune to rotting.
You are partially covered in molten scales (AC +1).


Message History

Beogh smites you!
An orc and an orc wizard come into view.
The orc wizard shouts!
The orc shouts!
An orc comes into view. It is wielding a club.
An orc comes into view. It is wielding a short sword.
The orc shouts! x2
The orc hits you but does no damage.
The orc priest mumbles some strange prayers to Beogh against you.
Beogh smites you!
The orc wizard mumbles some strange words.
The orc wizard seems to speed up.
The orc wizard casts a spell.
The orc wizard blinks!
The orc wizard gestures at you while chanting.
The magic dart hits you!
* * * LOW HITPOINT WARNING * * *
You see here 17 stones.
The orc priest invokes the aid of Beogh against you.
Beogh smites you!
You die...

#......... ..... #.# #
##........##.... .....###
#.............. .....#.
#...........# .#....
#..........### ...##.
#............# #.... #####
#............# #..##
......##.o....(....########..##
.........o.oo.@#....>..........
........#.######...##########..
.........(# #...# #..
........### ##### #.. .........
#.. ....o.... .... ........#
##.. ......### #.. ###


You could see an orc priest and 3 orcs.

Vanquished Creatures
  2 scorpions (D:4)
  A water moccasin skeleton (D:5)
  2 crimson imps
  An orc priest (D:3)
  A worker ant (D:5)
  Robin (D:2)
  6 gnolls
  6 adders
  A shadow imp (D:5)
  A worm (D:2)
  2 dart slugs (D:1)
  4 giant geckos
  12 orcs
  2 ball pythons
  2 giant cockroaches
  18 goblins
  14 hobgoblins
  3 jackals (D:1)
  A quokka (D:5)
  4 bats
  3 giant newts
  9 kobolds
  4 rats
100 creatures vanquished.

Notes
Turn   | Place    | Note
--------------------------------------------------------------
     0 | D:1      | Golzeb the Gargoyle Berserker began the quest for the Orb.
     0 | D:1      | Reached XP level 1. HP: 14/14 MP: 1/1
   105 | D:1      | Reached XP level 2. HP: 19/19 MP: 2/2
   415 | D:1      | Reached ** piety under Trog
   422 | D:1      | Reached XP level 3. HP: 11/24 MP: 3/3
   680 | D:1      | You fall through a shaft!
   790 | D:2      | Noticed Robin
   823 | D:2      | Reached XP level 4. HP: 22/29 MP: 4/4
   837 | D:2      | Killed Robin
  1306 | D:2      | Reached *** piety under Trog
  1482 | D:2      | Reached XP level 5. HP: 30/34 MP: 5/5
  1852 | D:3      | Found a shattered altar of Ashenzari.
  2403 | D:3      | Reached XP level 6. HP: 22/39 MP: 6/6
  3198 | D:4      | Reached **** piety under Trog
  3255 | D:4      | Gained mutation: You are partially covered in molten scales (AC +1). [potion of beneficial mutation]
  3556 | D:5      | Entered Level 5 of the Dungeon
  3607 | D:5      | Reached skill level 1 in Throwing
  3607 | D:5      | Reached XP level 7. HP: 39/44 MP: 7/7
  3730 | D:5      | Killed from afar by an orc priest

Skill      XL: |  1  2  3  4  5  6 |
---------------+-------------------+-----
Short Blades   | 3 |  3.9
Fighting       | 4 |  4.7
Dodging        | 2 3 |  3.7
Armour         | 3 4 |  4.5
Throwing       | 1 |  1.1
Stealth        | |  0.8

Action                   |  1- 3 |  4- 6 |  7- 9 || total
-------------------------+-------+-------+-------++-------
Melee: Dagger            |    82 |   176 |    24 ||   282
       Short sword       |     2 |       |       ||     2
Throw: Javelin           |       |     8 |       ||     8
  Use: Scroll            |     2 |     5 |       ||     7
       Potion            |       |     8 |       ||     8
  Eat: Chunk             |       |     6 |       ||     6
       Royal jelly       |       |     1 |       ||     1
       Bread ration      |       |     1 |       ||     1
Armor: Animal skin       |    21 |       |       ||    21
       Scale mail        |    27 |   131 |    12 ||   170
Dodge: Dodged            |    72 |   142 |    17 ||   231
